 Dungeon Crawl Stone Soup version 0.19.0-20-gbc5f0c6 (webtiles) character file.

900 tomat the Skirmisher (level 7, -3/64 HPs)
             Began as a Minotaur Berserker on Nov 16, 2016.
             Was a Priest of Trog.
             Slain by an orc warrior
             ... wielding a +0 trident
              (7 damage)
             ... on level 7 of the Dungeon.
             The game lasted 00:18:32 (4077 turns).

tomat the Skirmisher (Minotaur Berserker)           Turns: 4077, Time: 00:18:33

Health: -3/64      AC:  6    Str: 21 (24) XL:     7   Next: 79%
Magic:  6/6        EV: 13    Int:  3 (4)  God:    Trog [***...]
Gold:   161        SH:  0    Dex:  7 (9)  Spells: 0 memorised, 6 levels left

rFire  . . .     SeeInvis .     o - -1 mace (curse)
rCold  . . .     Gourm    .     u - +3 leather armour
rNeg   . . .     Faith    .     (no shield)
rPois  +         Spirit   .     (helmet restricted)
rElec  .         Reflect  .     (no cloak)
rCorr  .         Harm     .     (no gloves)
MR     +....                    (no boots)
Stlth  +.........               (no amulet)
                                w - ring of protection from magic
                                t - ring of poison resistance

@: no status effects
A: retaliatory headbutt, horns 2
a: Berserk, Trog's Hand, Burn Spellbooks, Renounce Religion


You were on level 7 of the Dungeon.
You worshipped Trog.
Trog was most pleased with you.
You were not hungry.

You visited 1 branch of the dungeon, and saw 6 of its levels.

You collected 161 gold pieces.

Inventory:

Hand Weapons
 a - a +0 hand axe
 d - a +0 mace
 k - a +1 spear of venom
 o - a cursed -1 mace (weapon)
 B - a +1 flail of draining
Missiles
 e - 11 tomahawks (quivered)
Armour
 b - a +0 animal skin
 j - a +0 leather armour
 p - a +0 ring mail
 q - a +2 robe
 u - a +3 leather armour (worn)
Magical Staves
 x - an uncursed staff of power {unknown}
Jewellery
 t - a ring of poison resistance (left hand)
 v - an uncursed ring of protection from cold
 w - a ring of protection from magic (right hand)
Wands
 y - a wand of digging (13/24)
Scrolls
 h - 3 scrolls of identify
 l - a scroll of noise
Potions
 f - 5 potions of brilliance
 m - a potion of agility
 r - a potion of haste
Comestibles
 c - 3 bread rations
 g - 2 beef jerkies
 i - 5 fruits
 n - 5 mutagenic chunks of flesh
 s - a meat ration


   Skills:
 + Level 6.4 Fighting
 + Level 5.7(6.6) Axes
 + Level 5.0(6.2) Maces & Flails
 + Level 4.1 Armour
 + Level 5.0 Dodging
 + Level 0.8 Stealth


You had 6 spell levels left.
You didn't know any spells.

Dungeon Overview and Level Annotations

Branches:
Dungeon (5/15)             Temple (0/1) D:7

Altars:
Dithmenos
Hepliaklqana
Makhleb
Nemelex Xobeh
Okawaru
Qazlal
Ru
Trog
Vehumet


Innate Abilities, Weirdness & Mutations

You reflexively headbutt those who attack you in melee.
You have a pair of horns on your head.


Message History

You barely miss the orc wizard. You headbutt the orc wizard.
You kill the orc wizard!
Trog accepts your kill.
Trog appreciates your killing of a magic user.
Your base Maces & Flails skill increases to level 5!
Your Dodging skill increases to level 5!
The orc warrior closely misses you. The orc warrior barely misses you.
You furiously retaliate!
You headbutt the orc warrior, but do no damage.
Things that are here:
a dagger; a robe You closely miss the orc warrior.
The orc warrior hits you with a trident!!
* * * LOW HITPOINT WARNING * * *
Okay, then.
The orc warrior hits you from afar with a trident.
* * * LOW HITPOINT WARNING * * *
There is a stone staircase leading up here.
The orc warrior hits you from afar with a trident!
You die...

#############
#.......o.).#
#.#########.# ##o##
####..o### #########
#.......@# #>...(...
#.##...#.# #.######. #
##)##.########.###....
###.##†................
...<.............###.###
.....#############_#.
..### ##.## ## ..
##...###. #..#..##.


You could see an orc warrior and an orc.

Vanquished Creatures
  A hornet zombie (D:7)
  A sky beast (D:7)
  An ogre (D:4)
  A gnoll sergeant (D:7)
  A scorpion (D:7)
  3 hounds
  Jessica (D:3)
  Natasha (twice) (D:2)
  An iguana (D:4)
  3 orc wizards
  A worker ant (D:3)
  A hound zombie (D:3)
  8 adders
  4 gnolls (D:7)
  A shadow imp (D:7)
  An ooze (D:4)
  2 worms (D:2)
  3 dart slugs
  4 leopard geckos
  6 orcs
  7 giant cockroaches
  8 hobgoblins
  3 quokkas
  A ball python (D:5)
  8 bats
  4 frilled lizards
  10 goblins
  A jackal skeleton (D:4)
  7 kobolds
  9 rats
104 creatures vanquished.

Notes
Turn   | Place    | Note
-------+----------+-------------------------------------------
     0 | D:1      | tomat the Minotaur Berserker began the quest for the Orb.
     0 | D:1      | Reached XP level 1. HP: 19/19 MP: 0/0
    68 | D:1      | Reached skill level 4 in Fighting
    89 | D:1      | Reached XP level 2. HP: 20/27 MP: 1/1
   374 | D:1      | Reached XP level 3. HP: 29/34 MP: 2/2
   530 | D:1      | Reached ** piety under Trog
   689 | D:2      | Found a bloodstained altar of Trog.
   774 | D:2      | Reached skill level 1 in Maces & Flails
  1107 | D:2      | Noticed Natasha
  1119 | D:2      | Killed Natasha
  1119 | D:2      | Reached XP level 4. HP: 41/41 MP: 3/3
  1403 | D:2      | Noticed Natasha
  1412 | D:2      | Killed Natasha
  1412 | D:2      | Reached skill level 5 in Fighting
  1668 | D:3      | Reached XP level 5. HP: 46/48 MP: 4/4
  1714 | D:3      | Found a shadowy altar of Dithmenos.
  1756 | D:3      | Reached *** piety under Trog
  1757 | D:3      | Noticed Jessica
  1784 | D:3      | Killed Jessica
  2065 | D:3      | Reached skill level 5 in Axes
  2414 | D:4      | Found a hazy altar of Hepliaklqana.
  2682 | D:4      | Noticed an ogre
  2688 | D:4      | Killed an ogre
  2688 | D:4      | Reached XP level 6. HP: 44/56 MP: 5/5
  2784 | D:4      | Noticed a water elemental
  2785 | D:4      | Noticed an air elemental
  2787 | D:4      | Found a stormy altar of Qazlal.
  2790 | D:4      | Noticed a fire elemental
  2943 | D:4      | Found an iron altar of Okawaru.
  3009 | D:4      | Found a burning altar of Makhleb.
  3130 | D:5      | Entered Level 5 of the Dungeon
  3291 | D:5      | Found a sparkling altar of Nemelex Xobeh.
  3452 | D:5      | You fall through a shaft for 2 floors!
  3480 | D:7      | Reached XP level 7. HP: 62/62 MP: 6/6
  3744 | D:7      | Found a staircase to the Ecumenical Temple.
  3769 | D:7      | Reached skill level 6 in Fighting
  3979 | D:7      | Found a faded altar of an unknown god.
  3979 | D:7      | Found a radiant altar of Vehumet.
  3984 | D:7      | Found a faded altar of an unknown god.
  3986 | D:7      | Found a faded altar of an unknown god.
  3988 | D:7      | Found a sacrificial altar of Ru.
  4069 | D:7      | Reached skill level 5 in Maces & Flails
  4069 | D:7      | Reached skill level 5 in Dodging
  4072 | D:7      | HP: 3/64 [orc warrior/trident (1)]
  4077 | D:7      | Slain by an orc warrior

Skill      XL: |  1  2  3  4  5  6  7 |
---------------+----------------------+-----
Fighting       | 4 5 6 |  6.4
Axes           | 4 5 |  5.7
Maces & Flails | 1 3 5 |  5.0
Dodging        | 3 5 |  5.0
Armour         | 3 4 |  4.1
Stealth        | |  0.8

Action                   |  1- 3 |  4- 6 |  7- 9 || total
-------------------------+-------+-------+-------++-------
Melee: Mace              |    74 |    97 |    60 ||   231
       Headbutt          |    18 |    18 |    13 ||    49
       Hand axe          |     6 |    44 |       ||    50
Invok: Berserk           |     1 |     2 |       ||     3
       Burn Spellbooks   |       |     1 |       ||     1
       Trog's Hand       |       |     1 |       ||     1
  Use: Potion            |     1 |     9 |       ||    10
       Scroll            |       |     4 |       ||     4
  Eat: Chunk             |       |    11 |     1 ||    12
       Bread ration      |       |       |     1 ||     1
Armor: Animal skin       |    12 |       |       ||    12
       Leather armour    |       |    36 |    15 ||    51
       Robe              |       |     1 |       ||     1
       Ring mail         |       |     1 |       ||     1
Dodge: Dodged            |    50 |    98 |    41 ||   189
